 Dungeon Crawl Stone Soup version 0.22-a0-848-ge9e22a0 (webtiles) character file.

235231 zhorgal the Severer (level 18, -4/174 HPs)
             Began as a Deep Dwarf Fighter on July 26, 2018.
             Was a High Priest of Makhleb.
             Slain by a 19-headed hydra (7 damage)
             ... on level 4 of the Swamp.
             The game lasted 02:54:42 (28913 turns).

zhorgal the Severer (Deep Dwarf Fighter)           Turns: 28913, Time: 02:54:42

Health: -4/174     AC: 24    Str: 27    XL:     18   Next: 90%
Magic:  0/21       EV: 11    Int: 10    God:    Makhleb [*****.]
Gold:   1661       SH: 22    Dex: 20    Spells: 17/17 levels left

rFire    + + +     SeeInvis +   q - +2 war axe (vamp)
rCold    . . .     Gourm    .   m - +0 large shield
rNeg     + + .     Faith    .   r - +6 scale mail "Lofin" {*Drain rElec Dex+4}
rPois    +         Spirit   +   Q - +2 hat of the Bear Spirit {Spirit, +Rage rN+ MR++}
rElec    +         Reflect  .   U - +0 cloak {+Inv}
rCorr    .         Harm     .   n - +0 pair of gloves
MR       ++++.                  (no boots)
Stlth    ..........             y - amulet of Daisies {Acrobat rPois rF+++ Dex+4 Stlth-}
HPRegen  0.00/turn              N - +3 ring of protection
MPRegen  0.17/turn              V - ring of see invisible

@: grasped by roots, non-regenerating, very slow
A: damage resistance, heal wounds, negative energy resistance 1, sense
surroundings 3, no regeneration
}: 1/15 runes: serpentine
a: Heal Wounds, Minor Destruction, Lesser Servant of Makhleb, Major Destruction,
Greater Servant of Makhleb, Renounce Religion, Evoke Berserk Rage, Evoke
Invisibility


You were on level 4 of the Swamp.
You worshipped Makhleb.
Makhleb was extremely pleased with you.
You were hungry.

You visited 5 branches of the dungeon, and saw 31 of its levels.
You visited the Abyss 1 time.
You also visited: Sewer, Bailey and Ice Cave.

You collected 3120 gold pieces.
You spent 1459 gold pieces at shops.

Inventory:

Hand Weapons
 q - a +2 vampiric war axe (weapon)
Missiles
 h - 42 tomahawks (quivered)
 s - 17 tomahawks of returning
 v - 260 sling bullets
 z - 5 javelins
 C - 3 throwing nets
Armour
 m - a +0 large shield (worn)
 n - a +0 pair of gloves (worn)
 r - the +6 scale mail "Lofin" (worn) {*Drain rElec Dex+4}
   (You took it off a goblin on level 2 of the Dungeon)

   It affects your dexterity (+4).
   It insulates you from electricity.
   It causes draining when unequipped.
 F - the +6 chain mail of Okawaru's Benevolence {*Contam Slay+5}
   (You acquired it on level 2 of the Snake Pit)

   It affects your accuracy and damage with ranged weapons and melee attacks
   (+5).
   It causes magical contamination when unequipped.
 Q - the +2 hat of the Bear Spirit (worn) {Spirit, +Rage rN+ MR++}
   (You acquired it on level 14 of the Dungeon)

   It protects you from negative energy.
   It affects your resistance to hostile enchantments.
   It lets you go berserk.
 T - a +2 plate armour of magic resistance
 U - a +0 cloak of invisibility (worn)
Jewellery
 b - an uncursed ring of protection from cold
 w - a +2 ring of evasion
 y - the amulet of Daisies (around neck) {Acrobat rPois rF+++ Dex+4 Stlth-}
   (You found it on level 3 of the Swamp)

   [amulet of the acrobat]

   It helps you evade while moving and waiting.
   It affects your dexterity (+4).
   It renders you almost immune to fire.
   It protects you from poison.
   It makes you less stealthy.
 N - a +3 ring of protection (left hand)
 V - a ring of see invisible (right hand)
 W - an uncursed ring of resist corrosion
Wands
 a - a wand of flame (9)
 G - a wand of paralysis (20)
 H - a wand of enslavement (27)
 K - a wand of clouds (9)
 M - a wand of disintegration (10)
 R - a wand of iceblast (15)
Scrolls
 d - 3 scrolls of blinking
 i - 11 scrolls of teleportation
 l - 11 scrolls of identify
 x - 16 scrolls of remove curse
 B - 2 scrolls of magic mapping
 D - 6 scrolls of enchant weapon
 E - 3 scrolls of enchant armour
 P - 3 scrolls of fear
 Z - 2 scrolls of fog
Potions
 c - 5 potions of mutation
 e - 9 potions of heal wounds
 g - 12 potions of curing
 k - 2 potions of might
 p - 3 potions of cancellation
 t - 2 potions of lignification
 I - 2 potions of haste
 J - 2 potions of agility
 L - 2 potions of invisibility
 O - 4 potions of resistance
 Y - 2 potions of ambrosia
Miscellaneous
 j - a lamp of fire (inert)
 o - 2 boxes of beasts
 u - a phial of floods
 A - a fan of gales
 S - a lightning rod (4/4)
Comestibles
 f - 42 rations


   Skills:
 + Level 13.8 Fighting
 - Level 18.0 Axes
 + Level 16.0 Armour
 + Level 10.1 Dodging
 - Level 1.7 Stealth
 + Level 16.1 Shields
 - Level 10.7 Invocations
 + Level 11.9 Evocations


You had 17 spell levels left.
You didn't know any spells.
Your spell library contained the following spells:

 Spells                   Type           Power        Failure   Level  Hunger
 Cause Fear               Hex            #.........   100%        4    #####..
 Magic Dart               Conj           #...         90%         1    ##.....
 Apportation              Tloc           #.....       90%         1    ##.....
 Conjure Flame            Conj/Fire      #.......     99%         3    ####...
 Bolt of Cold             Conj/Ice       #.........   100%        6    #######
 Bolt of Magma            Conj/Fire/Erth #.........   100%        5    ######.
 Slow                     Hex            #.......     97%         2    ###....
 Confuse                  Hex            #.......     99%         3    ####...
 Throw Frost              Conj/Ice       #.....       97%         2    ###....
 Freezing Cloud           Conj/Ice/Air   #.........   100%        6    #######
 Mephitic Cloud           Conj/Pois/Air  #.......     99%         3    ####...
 Summon Small Mammal      Summ           #...         90%         1    ##.....
 Blink                    Tloc           N/A          97%         2    ###....
 Animate Dead             Necr           N/A          100%        4    #####..
 Pain                     Necr           #...         90%         1    ##.....
 Animate Skeleton         Necr           N/A          90%         1    ##.....
 Vampiric Draining        Necr           #.........   99%         3    ####...
 Freeze                   Ice            #...         90%         1    ##.....
 Ozocubu's Refrigeration  Ice            #.........   100%        6    #######
 Summon Ice Beast         Ice/Summ       #.......     100%        4    #####..
 Ozocubu's Armour         Chrm/Ice       #.......     99%         3    ####...
 Call Imp                 Summ           #.......     97%         2    ###....
 Regeneration             Chrm/Necr      #.........   99%         3    ####...
 Iron Shot                Conj/Erth      #.........   100%        6    #######
 Recall                   Summ/Tloc      N/A          99%         3    ####...
 Statue Form              Tmut/Erth      #........    100%        6    #######
 Ice Form                 Ice/Tmut       #.......     100%        4    #####..
 Dragon Form              Tmut           #.........   100%        7    #######
 Death Channel            Necr           #.........   100%        6    #######
 Throw Icicle             Conj/Ice       #.......     100%        4    #####..
 Confusing Touch          Hex            #.....       90%         1    ##.....
 Passwall                 Tmut/Erth      #.......     97%         2    ###....
 Metabolic Englaciation   Hex/Ice        #.........   100%        5    ######.
 Shatter                  Erth           #.........   100%        9    #######
 Corona                   Hex            #......      90%         1    ##.....
 Sandblast                Erth           #.....       90%         1    ##.....
 Simulacrum               Ice/Necr       #.........   100%        6    #######
 Portal Projectile        Hex/Tloc       #.....       99%         3    ####...
 Petrify                  Tmut/Erth      #.......     100%        4    #####..
 Leda's Liquefaction      Hex/Erth       #.........   100%        4    #####..
 Inner Flame              Hex/Fire       #.......     99%         3    ####...
 Beastly Appendage        Tmut           #.....       90%         1    ##.....
 Gell's Gravitas          Tloc           #.........   99%         3    ####...
 Yara's Violent Unravell  Hex/Tmut       #.........   100%        5    ######.
 Borgnjor's Vile Clutch   Necr/Erth      #.........   100%        5    ######.


Dungeon Overview and Level Annotations

Branches:
Dungeon (15/15)            Temple (0/1) D:5            Lair (6/6) D:10
  Swamp (4/4) Lair:4        Snake (4/4) Lair:2        Slime (0/5) Lair:6
    Orc (2/2) D:9             Elf (0/3) Orc:2        Vaults (0/5) D:14
 Depths (0/5) D:15

Altars:
Makhleb
Nemelex Xobeh
Qazlal
Trog
Uskayaw
Vehumet
Wu Jian
Xom
Yredelemnul
The Shining One

Shops:
D:8 !   D:9 [   D:11 ?   Orc:2 (:%(%   Snake:2 [   Snake:3 }?%(   Snake:4 =

Annotations:
D:7 2 runed doors, agentgt's ghost, novice MiCK
D:9 exclusion: statue
Swamp:1 3 runed doors, Demiham's ghost, adept DrIE; Melum's ghost, adept OpFE; Theotherone's ghost, adept GrEE; sleeves's ghost, adept HuAM
Orc:2 1 runed door, zeram's ghost, journeyman GrFi


Innate Abilities, Weirdness & Mutations

You are resistant to damage.
You can heal yourself by infusing magical energy.
You resist negative energy. (rN+)
You passively map a large area around you.
You do not regenerate.


Message History

The 19-headed hydra bites you but does no damage. x2
The 19-headed hydra barely misses you.
The 19-headed hydra completely misses you.
The 19-headed hydra bites you but does no damage.
The swamp dragon closely misses you. The swamp dragon completely misses you.
The swamp dragon barely misses you.
You take 7 damage, and have 19/174 hp.
Your unstable footing causes you to fumble your attack.
Your unstable footing causes you to fumble your attack.
The 19-headed hydra bites you!
* * * LOW HITPOINT WARNING * * *
You block the 19-headed hydra's attack.
The 19-headed hydra bites you but does no damage. x2
The 19-headed hydra bites you!
* * * LOW HITPOINT WARNING * * *
The 19-headed hydra bites you but does no damage.
You block the 19-headed hydra's attack. The 19-headed hydra bites you!
* * * LOW HITPOINT WARNING * * *
The 19-headed hydra bites you!
You die...

♣...≈≈≈.≈.≈♣
♣≈≈≈ ♣≈≈..<≈≈≈
♣..≈≈≈≈♣≈≈.♣♣♣.
≈ ♣.≈♣≈.≈≈.*
♣.≈≈≈♣##♣♣≈≈.♣♣
♣♣♣♣.§≈≈≈
.≈≈≈♣# #♣♣≈≈♣♣
* ≈≈ * ..≈♣ ***
* #♣≈≈♣ , ≈
≈≈♣** #♣†♣♣ * ≈
≈ ≈ * ,,, , *
♣§≈♣ , * * , ,,
#♣§♣ * * ,,,
*#♣@♣ ≈ * , ,
♣DD♣ ≈ ,,,,
#♣[♣♣ ≈ * , ,
*♣≈§♣ ≈* , ,
#f≈♣♣ , , *♣.♣
* ≈≈≈ ≈.♣♣ * *
, ≈♣.≈


You could see a shambling mangrove, a 19-headed hydra and a swamp dragon.

Vanquished Creatures
  Bai Suzhen (Snake:3)
  Vashnia (Snake:4)
  Nikola (Swamp:4)
  A tentacled starspawn (Abyss:2)
  3 thorn hunters
  Roxanne (Swamp:3)
  7 nagarajas
  An orc warlord (Orc:1)
  A frost giant (IceCv)
  A stone giant (Orc:2)
  An ettin (D:15)
  Josephine (D:10)
  Fannar (D:11)
  15 naga warriors
  Harold (D:11)
  11 hydras
  A catoblepas (D:13)
  A merfolk avatar (Lair:6)
  4 two-headed ogres
  Erica (Lair:1)
  2 centaur warriors
  2 dancing weapons (D:14)
  14 alligators
  15 anacondas
  3 death yaks
  2 ogre magi (D:15)
  A tengu warrior (D:14)
  16 naga sharpshooters
  3 orc high priests (Orc:2)
  6 shock serpents
  A salamander mystic (Snake:3)
  2 wretched stars (Abyss:2)
  3 unseen horrors
  10 swamp dragons
  8 naga ritualists
  6 orc knights
  3 deep elf magi
  8 mana vipers
  6 orc sorcerers (Orc:2)
  8 ugly things
  An orb spider (shapeshifter) (D:13)
  A wolf spider zombie (D:13)
  7 cyclopes
  3 salamanders
  3 manticores
  34 black mambas
  6 guardian serpents
  39 naga magi
  5 elephants
  2 smoke demons (Abyss:2)
  A torpor snail (Lair:5)
  A spiny frog (shapeshifter) (D:14)
  13 spiny frogs
  4 kobold demonologists
  6 komodo dragons
  6 rime drakes
  A freezing wraith (D:14)
  A yaktaur (D:15)
  An efreet (D:14)
  An ancient zyme (Abyss:2)
  A queen bee (D:14)
  6 meliai (D:14)
  A tengu conjurer (D:14)
  17 polar bears
  A large abomination (Abyss:2)
  3 wind drakes (Lair:6)
  6 tyrant leeches
  4 trolls
  3 slime creatures (Swamp:3)
  11 blink frogs
  9 hornets
  11 hippogriffs
  5 bog bodies
  Sigmund (D:4)
  4 shadows
  5 wyverns
  40 yaks
  A vampire (D:13)
  A human (D:7)
  6 spriggans
  7 hogs
  3 hungry ghosts
  8 wraiths
  A basilisk (Lair:5)
  A steam dragon (D:13)
  27 vampire mosquitoes
  11 swamp worms
  63 nagas
  A soldier ant (D:13)
  15 insubstantial wisps
  8 porcupines
  5 water moccasins
  A hornet zombie (D:8)
  21 orc warriors
  2 acid dragons (D:14)
  9 swamp drakes
  10 ice beasts (D:13)
  2 sky beasts
  5 phantoms
  11 ogres
  11 centaurs
  22 wolves
  11 crocodiles
  2 big kobolds
  Blork the orc (D:4)
  13 bullfrogs
  A water moccasin zombie (D:10)
  3 small abominations (Abyss:2)
  17 killer bees
  14 wights
  5 howler monkeys
  4 centaur zombies
  8 crimson imps
  3 bullfrog zombies
  15 orc priests
  A bullfrog skeleton (D:7)
  4 centaur skeletons
  6 hounds
  3 jellies
  5 iguanas
  18 orc wizards
  11 worker ants
  3 hound zombies
  A hound skeleton (D:7)
  A howler monkey zombie (D:9)
  Robin (D:4)
  7 gnolls
  2 howler monkey skeletons
  21 adders
  2 shadow imps
  An ufetubus (Abyss:2)
  4 oozes
  An adder skeleton (D:4)
  A dart slug (D:2)
  6 leopard geckos
  72 orcs
  7 bats
  7 giant cockroaches
  20 goblins
  10 hobgoblins
  4 jackals
  24 kobolds
  8 quokkas
  2 ball pythons
  4 frilled lizards
  A giant cockroach zombie (D:5)
  A jackal skeleton (D:4)
  A quokka zombie (D:7)
  15 rats
  5 briar patches (Swamp:3)
  2 fungi
  4 plants
  2 starspawn tentacles (Abyss:2)
1075 creatures vanquished.

Vanquished Creatures (collateral kills)
  Kirke (Swamp:2)
  Aizul (Snake:3)
  6 hydras
  2 naga warriors (Snake:3)
  3 two-headed ogres
  A tengu warrior (D:15)
  A sea snake (Lair:6)
  A deep troll (D:15)
  A naga ritualist (Snake:4)
  2 black mambas
  An elephant (Lair:6)
  A spiny frog (Lair:1)
  A naga mage (Snake:4)
  A blink frog (Lair:6)
  A meliai zombie (D:15)
  A yak (D:9)
  2 hogs (Swamp:2)
  2 swamp worms
  3 water moccasins
  A porcupine (Lair:1)
  An orc warrior (Bailey)
  2 bullfrogs
  A scorpion (D:8)
  An orc wizard (D:9)
  A worker ant (D:8)
  2 gnolls (Bailey)
  3 orcs
  2 goblins (Bailey)
  2 kobolds (Bailey)
  A plant (Lair:6)
49 creatures vanquished.

Vanquished Creatures (others)
  A naga warrior (Snake:4)
  A naga mage (Snake:4)
  A polar bear (IceCv)
  3 nagas (Snake:4)
  A swamp worm (Swamp:4)
  3 wolves (IceCv)
  A scorpion (D:7)
  10 kobolds (Bailey)
  A briar patch (Swamp:3)
  3 fungi
  20 plants
  2 starspawn tentacles (Abyss:2)
  2 withered plants (Swamp:1)
49 creatures vanquished.

Grand Total: 1173 creatures vanquished

Notes
Turn   | Place    | Note
-------+----------+-------------------------------------------
     0 | D:1      | zhorgal the Deep Dwarf Fighter began the quest for the Orb.
     0 | D:1      | Reached XP level 1. HP: 20/20 MP: 1/1
    86 | D:1      | Reached skill level 3 in Axes
    86 | D:1      | Reached XP level 2. HP: 20/27 MP: 2/2
   398 | D:1      | Reached XP level 3. HP: 19/33 MP: 3/3
   403 | D:1      | Reached skill level 4 in Axes
   712 | D:2      | Reached XP level 4. HP: 40/40 MP: 4/4
   800 | D:2      | Got a transparent scale mail
   811 | D:2      | Identified the +6 scale mail "Lofin" {*Drain rElec Dex+4} (You took it off a goblin on level 2 of the Dungeon)
  1019 | D:2      | Found a bloodstained altar of Trog.
  1059 | D:2      | Found a burning altar of Makhleb.
  1067 | D:2      | Became a worshipper of Makhleb the Destroyer
  1207 | D:2      | Reached XP level 5. HP: 41/49 MP: 5/5
  1434 | D:3      | Reached skill level 5 in Axes
  1478 | D:3      | Reached skill level 1 in Invocations
  1527 | D:3      | Reached * piety under Makhleb
  1564 | D:3      | Found a stormy altar of Qazlal.
  1565 | D:3      | Found an ornate altar of the Wu Jian Council.
  1802 | D:3      | Reached XP level 6. HP: 34/56 MP: 7/7
  2389 | D:4      | Noticed Sigmund
  2414 | D:4      | Killed Sigmund
  2414 | D:4      | Reached skill level 6 in Axes
  2414 | D:4      | Reached XP level 7. HP: 41/63 MP: 7/9
  2461 | D:4      | Noticed Robin
  2481 | D:4      | Reached ** piety under Makhleb
  2484 | D:4      | Killed Robin
  2660 | D:4      | Noticed Blork the orc
  2673 | D:4      | Killed Blork the orc
  2838 | D:4      | Reached skill level 5 in Armour
  2881 | D:4      | Found a glowing drain.
  2886 | Sewer    | Entered a sewer
  3053 | Sewer    | Found a white marble altar of Elyvilon.
  3120 | D:4      | Reached skill level 7 in Axes
  3328 | D:5      | Entered Level 5 of the Dungeon
  3356 | D:5      | Found a sparkling altar of Nemelex Xobeh.
  3409 | D:5      | Found a burning altar of Makhleb.
  3527 | D:5      | Noticed an air elemental
  3568 | D:5      | Found a stormy altar of Qazlal.
  3570 | D:5      | Noticed a water elemental
  3570 | D:5      | Noticed a fire elemental
  3602 | D:5      | Reached XP level 8. HP: 51/73 MP: 11/11
  4022 | D:5      | Found a staircase to the Ecumenical Temple.
  4248 | D:6      | Found a glowing golden altar of the Shining One.
  4276 | D:6      | Reached *** piety under Makhleb
  4276 | D:6      | Reached skill level 5 in Invocations
  4304 | D:6      | Reached skill level 8 in Axes
  4347 | D:6      | Reached skill level 5 in Fighting
  4661 | D:7      | Found a shimmering altar of Xom.
  4765 | D:7      | Found a large runed door.
  4767 | D:7      | Found a large runed door.
  4770 | D:7      | Noticed agentgt's ghost (novice MiCK)
  4806 | D:7      | Gained mutation: You passively map the area around you. [Deep Dwarf growth]
  4806 | D:7      | Reached XP level 9. HP: 81/81 MP: 13/13
  4829 | D:7      | Reached skill level 9 in Axes
  4918 | D:7      | Paralysed by fainting for 6 turns
  5119 | D:7      | Reached skill level 10 in Axes
  5392 | D:8      | Noticed a two-headed ogre
  5403 | D:8      | Killed a two-headed ogre
  5439 | D:8      | Reached XP level 10. HP: 73/91 MP: 15/15
  5509 | D:8      | Found a hide-covered altar of Uskayaw.
  5512 | D:8      | Noticed a two-headed ogre
  5521 | D:8      | Killed a two-headed ogre
  5845 | D:8      | Found Samimam's Distillery.
  5872 | D:8      | Bought a potion of haste for 150 gold pieces
  5872 | D:8      | Bought a potion of agility for 60 gold pieces
  5965 | D:8      | Reached **** piety under Makhleb
  6181 | D:9      | Found a staircase to the Orcish Mines.
  6185 | D:9      | Noticed a two-headed ogre
  6193 | D:9      | Killed a two-headed ogre
  6193 | D:9      | Reached skill level 11 in Axes
  6193 | D:9      | Reached skill level 5 in Shields
  6206 | D:9      | Found a basalt altar of Yredelemnul.
  6255 | D:9      | Found a flagged portal.
  6259 | D:9      | Found a radiant altar of Vehumet.
  6276 | Bailey   | Entered a bailey
  6320 | Bailey   | Noticed an orc knight
  6340 | Bailey   | Killed an orc knight
  6382 | Bailey   | Got a jewelled dagger
  6719 | D:9      | Got a steaming rapier
  7139 | D:9      | Found Jokketom's Armour Shoppe.
  7167 | D:10     | Entered Level 10 of the Dungeon
  7214 | D:10     | Noticed Josephine
  7230 | D:10     | Cast into level 2 of the Abyss (Josephine)
  7308 | Abyss:2  | Noticed a guardian serpent
  7317 | Abyss:2  | Killed a guardian serpent
  7317 | Abyss:2  | Reached XP level 11. HP: 70/100 MP: 17/17
  7413 | Abyss:2  | Noticed a wretched star
  7430 | Abyss:2  | Noticed a wretched star
  7440 | Abyss:2  | Killed a wretched star
  7440 | Abyss:2  | Reached skill level 12 in Axes
  7444 | Abyss:2  | Noticed a tentacled starspawn
  7450 | Abyss:2  | Killed a wretched star
  7456 | Abyss:2  | Killed a tentacled starspawn
  7460 | D:10     | Escaped the Abyss
  7541 | D:10     | Identified the Handbook of Mutagenic Earth
  7648 | D:10     | Found a staircase to the Lair.
  7661 | D:10     | Noticed an unseen horror
  7679 | D:10     | Killed an unseen horror
  7679 | D:10     | Reached skill level 10 in Invocations
  7874 | D:10     | HP: 5/103 [Josephine/ghostly fireball (19)]
  7883 | D:10     | Killed Josephine
  8085 | Lair:1   | Entered Level 1 of the Lair of Beasts
  8121 | D:10     | Reached skill level 13 in Axes
  8135 | D:10     | Reached XP level 12. HP: 48/111 MP: 19/19
  8158 | Lair:1   | Identified a scroll of acquirement
  8185 | Lair:1   | Noticed a four-headed hydra
  8199 | Lair:1   | Killed a four-headed hydra
  8225 | Lair:1   | Noticed Erica
  8308 | Lair:1   | Killed Erica
  8929 | Lair:2   | Found a staircase to the Snake Pit.
  8941 | Lair:2   | Reached skill level 10 in Armour
  9608 | Lair:3   | Reached skill level 1 in Evocations
  9981 | Lair:3   | Found a labyrinth entrance.
 10492 | Lair:4   | Reached skill level 14 in Axes
 11110 | Lair:4   | Got a spiked buckler
 11122 | Lair:4   | Identified the cursed +0 buckler of Xom's Regard {rC- Int+6} (You found it on level 4 of the Lair of Beasts)
 11228 | Lair:4   | Found a staircase to the Swamp.
 11388 | Lair:5   | Reached ***** piety under Makhleb
 11619 | Lair:5   | Got a smoking cloak
 11623 | Lair:5   | Noticed a death yak
 11634 | Lair:5   | Noticed a death yak
 11657 | Lair:5   | Killed a death yak
 11662 | Lair:5   | Killed a death yak
 11662 | Lair:5   | Reached XP level 13. HP: 93/121 MP: 18/18
 11668 | Lair:5   | Identified the +0 cloak of Zaotwe {rPois Int-2 Dex+4} (You acquired it on level 5 of the Lair of Beasts)
 11987 | Lair:5   | Reached skill level 5 in Evocations
 12216 | Lair:6   | Entered Level 6 of the Lair of Beasts
 12366 | Lair:6   | Found a staircase to the Slime Pits.
 12918 | Lair:6   | Reached skill level 15 in Axes
 13810 | Orc:1    | Entered Level 1 of the Orcish Mines
 14026 | Orc:2    | Entered Level 2 of the Orcish Mines
 14114 | Orc:2    | Reached skill level 10 in Shields
 14305 | Orc:2    | Found a runed door.
 14305 | Orc:2    | Noticed an orc warlord
 14365 | Orc:1    | Killed an orc warlord
 14526 | Orc:2    | Reached skill level 10 in Fighting
 14527 | Orc:2    | Noticed zeram's ghost (journeyman GrFi)
 14581 | Orc:2    | Found Caycoone's Food Emporium.
 14614 | Orc:2    | Noticed a stone giant
 14646 | Orc:2    | Killed a stone giant
 14646 | Orc:2    | Gained mutation: You resist negative energy. (rN+) [Deep Dwarf growth]
 14646 | Orc:2    | Reached XP level 14. HP: 36/132 MP: 19/19
 14841 | Orc:2    | Found a staircase to the Elven Halls.
 15352 | Orc:2    | Found Xateasch's Antique Weapon Boutique.
 15366 | Orc:2    | Reached ****** piety under Makhleb
 15476 | Orc:2    | Reached skill level 16 in Axes
 15525 | Orc:2    | Found Ufeto's Weapon Boutique.
 15550 | Orc:2    | Found Meriocoe's Food Shoppe.
 15555 | Orc:2    | Found Domnyd's Book Shoppe.
 15887 | D:11     | Noticed Harold
 15906 | D:11     | Killed Harold
 15914 | D:11     | Found Nantih's Magic Scroll Shop.
 15923 | D:11     | Bought a scroll of identify for 30 gold pieces
 15923 | D:11     | Bought a scroll of identify for 30 gold pieces
 15923 | D:11     | Bought a scroll of enchant armour for 112 gold pieces
 15923 | D:11     | Bought a scroll of teleportation for 45 gold pieces
 15923 | D:11     | Bought a scroll of teleportation for 45 gold pieces
 16128 | D:11     | Identified the +8 morningstar of the Valley {crush, MR+} (You found it on level 11 of the Dungeon)
 16153 | D:11     | Got a warped hunting sling
 16190 | D:11     | Identified the cursed +2 hunting sling "Jiuss" {freeze, Int+6} (You found it on level 11 of the Dungeon)
 16542 | D:11     | Found a shimmering altar of Xom.
 16591 | D:11     | Reached XP level 15. HP: 138/138 MP: 19/19
 16788 | D:11     | Noticed Fannar
 16817 | D:11     | Killed Fannar
 18430 | D:13     | Found a frozen archway.
 18485 | IceCv    | Entered an ice cave
 18934 | IceCv    | Noticed a frost giant
 18981 | IceCv    | Killed a frost giant
 19600 | D:14     | Reached skill level 17 in Axes
 19637 | D:14     | Reached XP level 16. HP: 148/148 MP: 20/20
 19847 | D:14     | Reached skill level 10 in Evocations
 20137 | D:14     | Found a gate to the Vaults.
 20145 | D:14     | Found the +2 hat of the Bear Spirit {Spirit, +Rage rN+ MR++}
 20628 | D:14     | Identified the +7 chain mail of Temperance {rF+ Regen+ Dex-2} (You found it on level 14 of the Dungeon)
 20689 | D:15     | Entered Level 15 of the Dungeon
 20862 | D:15     | Found a staircase to the Depths.
 21524 | Snake:1  | Entered Level 1 of the Snake Pit
 22091 | Snake:1  | Reached skill level 1 in Dodging
 22131 | Snake:1  | Reached skill level 18 in Axes
 22143 | Snake:1  | Reached skill level 1 in Stealth
 22166 | Snake:1  | Identified the amulet of Need {Spirit +Inv rPois Dex-4 Stlth+} (You took it off a naga mage on level 1 of the Snake Pit)
 22992 | Snake:2  | Reached XP level 17. HP: 159/159 MP: 0/21
 23088 | Snake:2  | Found Wuoxetel's Armour Shoppe.
 23458 | Snake:3  | Found Wasej's Magic Scroll Boutique.
 23461 | Snake:3  | Bought a scroll of enchant weapon for 105 gold pieces
 23461 | Snake:3  | Bought a scroll of acquirement for 728 gold pieces
 23461 | Snake:3  | Bought a scroll of magic mapping for 49 gold pieces
 23461 | Snake:3  | Bought a scroll of fear for 49 gold pieces
 23461 | Snake:3  | Bought a scroll of identify for 28 gold pieces
 23461 | Snake:3  | Bought a scroll of identify for 28 gold pieces
 23479 | Snake:2  | Identified the +6 chain mail of Okawaru's Benevolence {*Contam Slay+5} (You acquired it on level 2 of the Snake Pit)
 23494 | Snake:3  | Found Neushaz's Food Shop.
 23567 | Snake:3  | Reached skill level 5 in Dodging
 23733 | Snake:3  | Found Coolaj's Gadget Emporium.
 23757 | Snake:3  | Noticed Aizul
 23773 | Snake:3  | Killed Aizul
 23957 | Snake:3  | Found Tunaegg's Weapon Boutique.
 24113 | Snake:4  | Entered Level 4 of the Snake Pit
 24167 | Snake:4  | Noticed Bai Suzhen
 24243 | Snake:3  | Killed Bai Suzhen
 24352 | Snake:4  | Noticed Vashnia
 24717 | Snake:3  | Reached skill level 15 in Shields
 24812 | Snake:4  | Reached skill level 15 in Armour
 24892 | Snake:4  | Gained mutation: You passively map a large area around you. [Deep Dwarf growth]
 24892 | Snake:4  | Reached XP level 18. HP: 168/171 MP: 0/21
 25042 | Snake:4  | Found Huicw's Jewellery Boutique.
 25234 | Snake:4  | Killed Vashnia
 25392 | Snake:4  | Got a serpentine rune of Zot
 25749 | Swamp:1  | Entered Level 1 of the Swamp
 25810 | Swamp:1  | Found a runed gate.
 25811 | Swamp:1  | Found a runed gate.
 25828 | Swamp:1  | Found a runed gate.
 25830 | Swamp:1  | Noticed Melum's ghost (adept OpFE)
 25831 | Swamp:1  | Noticed Theotherone's ghost (adept GrEE)
 25831 | Swamp:1  | Noticed sleeves's ghost (adept HuAM)
 25833 | Swamp:1  | Noticed Demiham's ghost (adept DrIE)
 27102 | Swamp:2  | Noticed Kirke
 27136 | Swamp:2  | Killed Kirke
 27662 | Swamp:3  | Identified the amulet of Daisies {Acrobat rPois rF+++ Dex+4 Stlth-} (You found it on level 3 of the Swamp)
 28110 | Swamp:3  | Noticed Roxanne
 28145 | Swamp:3  | Killed Roxanne
 28146 | Swamp:3  | Identified Roxanne's Disquisition on Changing (You took it off Roxanne on level 3 of the Swamp)
 28420 | Swamp:4  | Entered Level 4 of the Swamp
 28584 | Swamp:4  | Noticed Nikola
 28621 | Swamp:4  | Killed Nikola
 28741 | Swamp:4  | Reached skill level 10 in Dodging
 28913 | Swamp:4  | HP: 3/174 [19-headed hydra (11)]
 28913 | Swamp:4  | Slain by a 19-headed hydra

Vault maps used:
D:1:      nzn_arrival_depleted_hourglass
D:2:      kennysheep_big_flooded_room, lemuel_round_altar, dk_noncrumbling_4,
          bloody_makhleb
D:3:      gammafunk_temple_overflow_pools, serial_forest,
          infiniplex_forest_straight_3, infiniplex_forest_clump_small,
          infiniplex_forest_clump_long, infiniplex_forest_clump_diagonal,
          infiniplex_forest_clump_curved, infiniplex_forest_lined_room_2,
          infiniplex_forest_lined_room_2
D:4:      portal_sewer_entry_e, grunt_ministairs_14, uniq_sigmund, uniq_robin,
          uniq_blork_the_orc
D:5:      nicolae_overflow_hidden_temple, overflow_temple_1_default,
          minmay_temple_entry_trees, first_ration,
          nicolae_qazlal_style_of_elements
D:6:      cheibrodos_quashed, kennysheep_little_box
D:7:      xom_confusion_cloud, ebering_ghost_disaster_area, grunt_livestock
D:8:      eat_drink_and_be_merry_uskayaw, serial_shops, nicolae_shop_trees,
          basic_loot_grate_trap
D:9:      minmay_the_grid_square_5x5_3x3, vehumet_statue, orc_0_dummy,
          serial_shops, nicolae_shop_statue_plus, enter_bailey_2,
          yredelemnul_altar_generic
D:10:     david_lair_shrubbed, stair_cage_cross, uniq_josephine
D:11:     serial_shops, shop, basic_altar, minivault_16, uniq_fannar,
          uniq_harold
D:13:     portal_ice_cave_entry_ice_beasts
D:14:     erik_vaults_1, kennysheep_cross_room, special_room
D:15:     hangedman_depths_entry_civil_slaughter, serial_aquarium,
          aquarium_bridge_straight, aquarium_bridge_long_separate,
          aquarium_window_3, aquarium_window_corner, aquarium_view_2f,
          aquarium_balcony_3a
Lair:1:   uniq_erica
Lair:2:   minmay_snake_entry_guardpost_small
Lair:3:   statuecave_lemuel, lab_entry_generic
Lair:4:   minmay_swamp_entry_swarm
Lair:5:   minivault_24, serial_bayou_lagoon_a, serial_bayou_pond_e
Lair:6:   gammafunk_lair_ancient_temple, dpeg_slime_entry_corner
Swamp:1:  gammafunk_ghost_cemetery, evilmike_swamp_ruin_wall
Swamp:2:  evilmike_swamp_ruin_house_2, swamp_pool1, uniq_kirke
Swamp:3:  nicolae_swamp_dense_foliage, uniq_roxanne
Swamp:4:  swamp, uniq_nikola
Snake:1:  hangedman_snake_sidewinding
Snake:2:  serial_shops, shop, grunt_ministairs_14
Snake:3:  serial_shops, nicolae_shop_trees, nicolae_shop_statue_plus, shop,
          shop, st_stairs_13, uniq_aizul
Snake:4:  snake_pit, minmay_shop_grid_forest, serial_bayou_pond_c,
          uniq_bai_suzhen, uniq_vashnia
Orc:2:    st_orc_elflike, ebering_ghost_inner_flame, serial_shops,
          nicolae_shop_crystal
Sewer:    sewer_kobolds
Bailey:   bailey_axe_1, bailey
IceCv:    ice_cave_caverns_03

Skill      XL: |  1  2  3  4  5  6  7  8  9 10 11 12 13 14 15 16 17 18 |
---------------+-------------------------------------------------------+-----
Axes           | 3 4 5 6 7 8 10 11 13 14 15 16 17 18 | 18.0
Fighting       | 3 4 5 6 7 8 9 10 11 13 | 13.8
Invocations    | 1 3 4 6 7 9 10 | 10.7
Armour         | 4 5 6 7 8 9 10 11 12 13 15 16 | 16.0
Shields        | 4 5 7 8 10 12 14 15 16 | 16.1
Evocations     | 4 7 8 9 10 11 | 11.9
Dodging        | 4 8 10 | 10.1
Stealth        | 1 |  1.7

Action                   |  1- 3 |  4- 6 |  7- 9 | 10-12 | 13-15 | 16-18 || total
-------------------------+-------+-------+-------+-------+-------+-------++-------
Melee: War axe           |    91 |   202 |   421 |   829 |  1559 |  2544 ||  5646
Throw: Tomahawk          |     4 |     2 |     1 |     3 |       |     2 ||    12
Invok: Minor Destruction |       |       |     8 |    13 |    39 |     4 ||    64
       Lesser Servant of |       |       |     2 |    18 |    12 |    16 ||    48
       Major Destruction |       |       |       |     6 |       |     1 ||     7
       Greater Servant o |       |       |       |       |       |     1 ||     1
 Abil: Heal Wounds       |     1 |     1 |       |    11 |     3 |    11 ||    27
Evoke: Lightning rod     |       |       |       |       |     7 |     4 ||    11
       Wand              |       |       |       |       |     5 |    22 ||    27
       Lamp of fire      |       |       |       |       |     1 |     1 ||     2
  Use: Scroll            |     5 |     1 |     6 |    19 |     5 |     9 ||    45
       Potion            |       |       |       |     4 |     1 |       ||     5
 Stab: Distracted        |       |       |       |     1 |     1 |    11 ||    13
       Confused          |       |       |       |       |       |     2 ||     2
  Eat: Chunk             |       |     5 |    14 |    14 |    24 |    22 ||    79
       Ration            |       |       |     1 |     2 |     2 |     4 ||     9
Armor: Scale mail        |    16 |    73 |   140 |   266 |   463 |  1296 ||  2254
       Chain mail        |    22 |    14 |       |       |       |       ||    36
Dodge: Dodged            |    19 |    66 |    91 |   236 |   393 |  1415 ||  2220
Block: Shield            |    45 |    97 |   236 |   601 |   841 |   419 ||  2239
       Reflection        |       |       |     1 |    48 |       |       ||    49
       Large shield      |       |       |       |       |       |  2440 ||  2440

Table legend:
 A = Spawn XP
 B = Non-spawn XP
 C = Spawn XP percentage of total XP
 D = Spawn monster count
 E = Non-spawn monster count
 F = Spawn count percentage of total count
 G = Total turns spent on level
                    A         B        C        D         E        F      G
               +---------+---------+-------+---------+---------+-------+---------
         Total |    4084 |  321594 |   1.3 |       7 |    1117 |   0.6 | 28913
               +---------+---------+-------+---------+---------+-------+---------
           D:1 |       0 |      45 |   0.0 |       0 |      22 |   0.0 |   551
           D:2 |       0 |     155 |   0.0 |       0 |      28 |   0.0 |   870
           D:3 |       0 |     215 |   0.0 |       0 |      35 |   0.0 |   817
           D:4 |       0 |     781 |   0.0 |       0 |      33 |   0.0 |   878
           D:5 |       0 |     272 |   0.0 |       0 |      17 |   0.0 |   783
           D:6 |       0 |     852 |   0.0 |       0 |      17 |   0.0 |   500
           D:7 |       0 |    2388 |   0.0 |       0 |      27 |   0.0 |   781
           D:8 |       0 |    2256 |   0.0 |       0 |      18 |   0.0 |   691
           D:9 |       0 |    2162 |   0.0 |       0 |      25 |   0.0 |  1030
          D:10 |       0 |    6911 |   0.0 |       0 |      36 |   0.0 |  1187
          D:11 |       0 |    4635 |   0.0 |       0 |      19 |   0.0 |   958
          D:12 |       0 |    5321 |   0.0 |       0 |      42 |   0.0 |  1067
          D:13 |       0 |   12453 |   0.0 |       0 |      53 |   0.0 |   877
          D:14 |       0 |   16605 |   0.0 |       0 |      65 |   0.0 |  1112
          D:15 |       0 |    8876 |   0.0 |       0 |      19 |   0.0 |   676
        Lair:1 |       0 |    2056 |   0.0 |       0 |      10 |   0.0 |   710
        Lair:2 |       0 |    1103 |   0.0 |       0 |       8 |   0.0 |   793
        Lair:3 |       0 |    3798 |   0.0 |       0 |      16 |   0.0 |   815
        Lair:4 |       0 |    5400 |   0.0 |       0 |      21 |   0.0 |  1052
        Lair:5 |       0 |    5867 |   0.0 |       0 |      18 |   0.0 |   861
        Lair:6 |       0 |   16890 |   0.0 |       0 |      60 |   0.0 |  1450
       Swamp:1 |       0 |   11497 |   0.0 |       0 |      28 |   0.0 |   902
       Swamp:2 |       0 |   11268 |   0.0 |       0 |      27 |   0.0 |   790
       Swamp:3 |       0 |   21045 |   0.0 |       0 |      43 |   0.0 |   979
       Swamp:4 |       0 |   20260 |   0.0 |       0 |      31 |   0.0 |   493
       Snake:1 |       0 |   24915 |   0.0 |       0 |      43 |   0.0 |  1092
       Snake:2 |       0 |   20639 |   0.0 |       0 |      48 |   0.0 |   889
       Snake:3 |       0 |   43372 |   0.0 |       0 |      69 |   0.0 |  1165
       Snake:4 |       0 |   39152 |   0.0 |       0 |      63 |   0.0 |   982
         Orc:1 |       0 |    3876 |   0.0 |       0 |      38 |   0.0 |   614
         Orc:2 |       0 |   12658 |   0.0 |       0 |      54 |   0.0 |  1280
       Abyss:2 |    4084 |    2131 |  65.7 |       7 |       5 |  58.3 |   230
         Sewer |       0 |     112 |   0.0 |       0 |       9 |   0.0 |   212
        Bailey |       0 |     977 |   0.0 |       0 |      28 |   0.0 |   197
         IceCv |       0 |   10651 |   0.0 |       0 |      42 |   0.0 |   629
               +---------+---------+-------+---------+---------+-------+---------
